Cogmind - Beta 16.1 @@@ ROGUE MODE // 2026.02.15 @ 03:53:11 Player: Hazmat Result: Destroyed by S-27 Virus with Autogun Performance ------------- Evolutions (3) 1500 Regions Visited (9) 1800 Robots Destroyed (26) 130 Value Destroyed (877) 877 Prototype IDs (8) 160 Alien Tech Used (0) 0 Bonus (890) 890 TOTAL SCORE: 5357 Bonus ------- Follower Combat Kills 690 Entered Garrisons 200 Cogmind --------- Core Integrity 0/700 Matter 149/300 Energy 100/100 System Corruption 19% Temperature Cool (0) Movement Walking (105) Location -7/Garrison Parts ------- > --- POWER (2) -------- (None) > --- PROPULSION (4) --- Aluminum Leg > --- UTILITY (5) ------ Visual Processing Unit > --- WEAPON (2) ------- (None) > --- INVENTORY (5) ---- Improved Signal Interpreter Peak State ------------ > --- POWER ------------ Improved Deuterium Engine Micro Nuclear Core > --- PROPULSION ------- Carbon-fiber Leg Carbon-fiber Leg Titanium Leg Titanium Leg > --- UTILITY ---------- Large Storage Unit Makeshift Sensor Array Improved Signal Interpreter Makeshift Transmission Jammer Graphene Brace > --- WEAPON ----------- Cooled Pulse Rifle Great Axe > --- INVENTORY -------- Micro Nuclear Core Micro Nuclear Core Micro Nuclear Core Micro Nuclear Core Aluminum Leg Aluminum Leg Aluminum Leg Aluminum Leg Visual Processing Unit Improved Medium Armor Plating Advanced Beam Rifle Gauss Rifle Heavy Battle Rifle Datajack Remote Datajack [Rating: 56] Favorites ----------- Power Reinforced Ion Engine Engine Reinforced Ion Engine Power Core Micro Nuclear Core Propulsion Aluminum Leg Leg Aluminum Leg Utility Splice Drone Bay Device Splice Drone Bay Storage Large Storage Unit Processor Improved Signal Interpreter Hackware Hacking Suite Protection Layered Light Armor Plating Weapon Improved Medium Laser Energy Gun Improved Medium Laser Ballistic Gun Heavy Battle Rifle Ballistic Cannon Light Cannon Special Weapon Remote Datajack Slashing Weapon Great Axe Special Melee Weapon Datajack Build | -11 -10 -10 -10 -9 -8 -7 -7 -7 -7 ------- Run | Yrd Mat Min Exi Min Mat Fac Was Fac Gar Slots Evolved 6 | . . . . . 4 2 . . . Power 1 | . . . . . . 1 . . . Propulsion 2 | . . . . . 2 . . . . Utility 3 | . . . . . 2 1 . . . Weapon . | . . . . . . . . . . Parts Attached 60 | 6 9 1 3 3 13 10 . 10 5 Power 11 | 1 2 . . . 3 3 . 1 1 Engine 6 | 1 2 . . . 2 1 . . . Core 5 | . . . . . 1 2 . 1 1 Reactor . | . . . . . . . . . . Propulsion 17 | 2 . . . 2 7 1 . 2 3 Treads . | . . . . . . . . . . Leg 17 | 2 . . . 2 7 1 . 2 3 Wheel . | . . . . . . . . . . Hover . | . . . . . . . . . . Flight . | . . . . . . . . . . Utility 13 | 1 2 1 2 . 2 1 . 4 . Device 4 | . . 1 1 . 1 1 . . . Storage 3 | 1 1 . 1 . . . . . . Processor 3 | . 1 . . . 1 . . 1 . Hackware 1 | . . . . . . . . 1 . Protection 2 | . . . . . . . . 2 . Artifact . | . . . . . . . . . . Weapon 19 | 2 5 . 1 1 1 5 . 3 1 Energy Gun 9 | . 4 . . . 1 2 . 2 . Energy Cannon . | . . . . . . . . . . Ballistic Gun 5 | 2 . . . 1 . 1 . . 1 Ballistic Cannon 1 | . 1 . . . . . . . . Launcher . | . . . . . . . . . . Special Weapon 1 | . . . . . . 1 . . . Impact Weapon . | . . . . . . . . . . Slashing Weapon 1 | . . . . . . 1 . . . Piercing Weapon . | . . . . . . . . . . Special Melee Weapon 2 | . . . 1 . . . . 1 . Unidentified Prototypes 4 | . . 1 . . 1 2 . . . Corrupted Parts 1 | . . . . . . . . . 1 System Corruption 1 | . . . . . . . . . 1 Parts Lost 23 | . . . . . 3 . 7 1 12 Power 4 | . . . . . . . 2 . 2 Propulsion 8 | . . . . . 2 . 2 . 4 Utility 6 | . . . . . 1 . 2 . 3 Weapon 5 | . . . . . . . 1 1 3 Highest Loss Streak 12 | . . . . . 3 . 7 1 12 To Critical Strikes . | . . . . . . . . . . Average Backups 10 | 1 7 8 9 12 13 14 10 2 1 Power 1 | . . . 1 1 1 3 2 . . Propulsion 2 | . 1 2 2 4 5 4 3 . . Utility 2 | . . 2 3 4 3 2 1 1 1 Weapon 2 | . 1 1 2 2 3 3 2 . . Tool/Special . | . . . . . . . . . . Unused Backups 12 | . 2 . 1 . 2 1 4 1 1 Power 3 | . 1 . . . . . 2 . . Propulsion 4 | . . . . . 2 . 1 1 . Utility 3 | . . . . . . 1 1 . 1 Weapon 2 | . 1 . 1 . . . . . . Tool/Special . | . . . . . . . . . . Average Slot Usage (%) 95 | . 97 99 99 100 99 99 58 46 50 Engine 11 | . 14 14 14 14 8 6 3 . . Core 1 | . . . . . . 7 3 6 4 Leg 28 | . 28 28 28 28 35 29 16 14 12 Device 13 | . . 13 13 14 24 22 14 . . Storage 11 | . 14 13 14 14 9 7 4 . . Processor 3 | . 12 . . . 2 7 3 6 7 Energy Gun 10 | . 19 28 14 5 . . . 7 8 Ballistic Gun 3 | . 4 . . 8 8 1 . . . Special Melee Weapon 7 | . . . 13 14 9 2 . 2 . Peak Build Rating 56 | 6 13 19 19 20 39 56 55 26 26 Average Rating 23 | 4 10 18 17 19 35 51 31 15 17 On Entrance 19 | . 6 13 19 18 20 34 55 . 26 Avg Prop Armor Cover (%) . | . . . . . . . . . . Naked Turns 72 | . . . . . . . 72 . . Heaviest Build 56 | 12 26 34 42 43 53 56 54 21 21 Greatest Support 64 | 20 20 20 20 20 52 64 64 20 20 Greatest Overweight (x) 5 | . 1 1 2 2 1 1 5 1 4 Average Overweight (x) . | . . 1 1 2 . . . . . Largest Inventory Capacity 15 | 8 10 10 15 15 15 15 15 5 5 Average Capacity 12 | 7 8 9 13 15 15 15 10 5 5 Most Carried 15 | 5 9 10 10 15 15 15 15 5 3 Average Carried 10 | 1 7 9 10 12 13 14 10 2 1 Final Capacity 15 | 8 10 10 15 15 15 15 5 5 5 Final Carried 15 | 1 9 10 10 15 13 15 5 2 1 Class Distribution -------------------- 73% | Mutant 25% | Commander-Mutant Dominant Class ---------------- Mutant | -10/Materials Mutant | -10/Mines Mutant | -10/Exiles Commander-Mutant | -9/Mines Mutant | -8/Materials Mutant | -7/Factory Mutant | -7/Waste Mutant | -7/Factory Mutant | -7/Garrison Resources | -11 -10 -10 -10 -9 -8 -7 -7 -7 -7 ----------- Run | Yrd Mat Min Exi Min Mat Fac Was Fac Gar Matter Collected 1023 | 215 238 20 . 50 152 140 . 74 134 Remotely . | . . . . . . . . . . Salvage Created 970 | 71 289 . . . 213 189 . 74 134 Parts 46 | . 18 . . . 11 11 . . 6 Haulers Intercepted 3 | . 2 . . . . 1 . . . Recyclers Shooed 1 | . . . . 1 . . . . . Parts Field Recycled . | . . . . . . . . . . Retrieved Matter . | . . . . . . . . . . Parts Self-Destructed . | . . . . . . . . . . Prevented . | . . . . . . . . . . Parts Restored . | . . . . . . . . . . Kills | -11 -10 -10 -10 -9 -8 -7 -7 -7 -7 ------- Run | Yrd Mat Min Exi Min Mat Fac Was Fac Gar Combat Hostiles Destroyed 18 | . 5 . . . 5 3 . 2 3 Melee 3 | . . . . . . 3 . . . Guns 13 | . 3 . . . 5 . . 2 3 Cannons 2 | . 2 . . . . . . . . Classes Destroyed 7 | 1 3 . . . 1 1 . 1 . Hauler 3 | . 2 . . . . 1 . . . Recycler 1 | 1 . . . . . . . . . Watcher 4 | . 2 . . . 2 . . . . Swarmer 2 | . . . . . 2 . . . . Grunt 13 | . 5 . . . 3 2 . . 3 Sentry 1 | . . . . . . . . 1 . Programmer 2 | . . . . . . 1 . 1 . Best Kill Streak 4 | 1 3 . . . 4 2 . 1 3 Combat Bots Only 3 | . 3 . . . 2 1 . 1 3 Max Kills in Single Turn 1 | 1 1 . . . 1 1 . 1 1 Gunslinging . | . . . . . . . . . . Exploded . | . . . . . . . . . . Melee 1 | . . . . . . 1 . . . Uniques/NPCs Destroyed . | . . . . . . . . . . Combat | -11 -10 -10 -10 -9 -8 -7 -7 -7 -7 -------- Run | Yrd Mat Min Exi Min Mat Fac Was Fac Gar Hostile Shots Fired 378 | . 34 . . 4 66 19 6 57 192 Missed 120 | . 10 . . . 19 8 . 23 60 Hits 258 | . 24 . . 4 47 11 6 34 132 Melee 6 | . . . . . . . 6 . . Projectile 252 | . 24 . . 4 47 11 . 34 132 Critical Strikes 5 | . . . . . . . 4 1 . Actively Blocked 3 | . . . . . . . 3 . . Damage Taken 3177 | . 279 . . 77 713 171 262 324 1351 Core 852 | . 10 . . 25 111 . 188 41 477 Absorbed by Shields . | . . . . . . . . . . Regen/Repaired (Parts) 255 | . . . . . 46 209 . . . Core Remaining (%) 88 | 100 . . . 86 79 . . . . Volleys Fired 103 | 6 21 . . . 42 6 . 19 9 Largest 2 | 2 2 . . . 1 1 . 1 2 Hottest 130 | 40 112 . . . 33 28 . 80 130 Shots Fired 138 | 12 42 . . . 42 6 . 19 17 Gun 124 | 12 32 . . . 42 2 . 19 17 Cannon 10 | . 10 . . . . . . . . Launcher . | . . . . . . . . . . Special 4 | . . . . . . 4 . . . Kinetic 77 | 12 20 . . . 42 2 . . 1 Thermal 48 | . 22 . . . . . . 19 7 Explosive . | . . . . . . . . . . Electromagnetic 9 | . . . . . . . . . 9 Robot Hit Streak 15 | 2 8 . . . 12 2 . 11 15 Robot Miss Streak 5 | 4 5 . . . 3 2 . 5 2 Penetration Max . | . . . . . . . . . . Secondary Targets . | . . . . . . . . . . Shots Hit Robots 117 | 6 22 . 9 4 36 9 . 18 13 Core Hits 46 | 1 12 . . . 11 4 . 7 11 Critical Kills . | . . . . . . . . . . Critical Parts Destroyed 1 | . . . . . 1 . . . . Critical Strikes 4 | . 1 . . . 1 2 . . . Burn 1 | . 1 . . . . . . . . Destroy 1 | . . . . . 1 . . . . Sever 2 | . . . . . . 2 . . . Melee Attacks 27 | . . . 9 4 6 8 . . . Impact . | . . . . . . . . . . Slashing 8 | . . . . . . 8 . . . Piercing . | . . . . . . . . . . Sneak Attacks 14 | . . . 5 3 5 1 . . . Combat Hostiles . | . . . . . . . . . . Follow-up Attacks . | . . . . . . . . . . Damage Inflicted 2096 | 74 401 . . 7 644 290 . 395 285 Guns 1662 | 74 277 . . . 640 . . 395 276 Cannons 121 | . 121 . . . . . . . . Explosions . | . . . . . . . . . . Melee 290 | . . . . . . 290 . . . Ramming 23 | . 3 . . 7 4 . . . 9 Kinetic 882 | 74 168 . . . 640 . . . . Thermal 787 | . 230 . . . . . . 395 162 Explosive . | . . . . . . . . . . Electromagnetic 114 | . . . . . . . . . 114 Impact . | . . . . . . . . . . Slashing 290 | . . . . . . 290 . . . Piercing . | . . . . . . . . . . Highest Corruption 19 | . . . . . . 1 17 18 19 Average Corruption 9 | . . . . . . 1 12 17 18 Corruption Purged . | . . . . . . . . . . Corruption Blocked . | . . . . . . . . . . Effects 28 | . . . . . . 1 9 9 9 Message Errors 4 | . . . . . . . 3 . 1 Matter Fused 8 | . . . . . . . 2 4 2 Heat Flow Errors 2 | . . . . . . 1 . . 1 Energy Discharges 1 | . . . . . . . . 1 . Parts Rejected 2 | . . . . . . . 2 . . Data Loss (minor) 3 | . . . . . . . . 2 1 Data Loss (major) 1 | . . . . . . . . . 1 Misfires 2 | . . . . . . . . 1 1 Alerts 1 | . . . . . . . 1 . . Misdirections 2 | . . . . . . . 1 . 1 Weapon Failures 2 | . . . . . . . . 1 1 Overload Shots . | . . . . . . . . . . Overflow Damage . | . . . . . . . . . . Projectiles . | . . . . . . . . . . Explosions . | . . . . . . . . . . Melee . | . . . . . . . . . . Knockbacks 1 | . 1 . . . . . . . . Impact . | . . . . . . . . . . Kinetic 1 | . 1 . . . . . . . . Secondary . | . . . . . . . . . . Self-Inflicted Damage . | . . . . . . . . . . Shots . | . . . . . . . . . . Rammed . | . . . . . . . . . . Targets Rammed 7 | . 1 . . 1 1 . . . 4 Kicked 7 | . 1 . . 1 1 . . . 4 Crushed . | . . . . . . . . . . Highest Temperature 670 | . 443 . . 2 42 129 . 367 670 Average Temperature 163 | . 144 . . 1 16 69 . 141 311 Received Heat Transfer 978 | . 156 . . 48 342 45 . 78 309 Effects 27 | . 9 . . . . . . . 18 Shutdowns 3 | . 2 . . . . . . . 1 Energy Bleed 4 | . 2 . . . . . . . 2 Interference 6 | . 3 . . . . . . . 3 Matter Decay 1 | . . . . . . . . . 1 Short Circuit 3 | . . . . . . . . . 3 Damage (minor) 1 | . . . . . . . . . 1 Damage (major) 7 | . 2 . . . . . . . 5 Damage (core) 2 | . . . . . . . . . 2 Siege Activations . | . . . . . . . . . . Martial Activations . | . . . . . . . . . . Shielding Activations . | . . . . . . . . . . Robots Disrupted . | . . . . . . . . . . Combat Hostiles . | . . . . . . . . . . Robots Corrupted . | . . . . . . . . . . Combat Hostiles . | . . . . . . . . . . Parts Fried . | . . . . . . . . . . Impact Corruptions . | . . . . . . . . . . Robots Melted . | . . . . . . . . . . Combat Hostiles . | . . . . . . . . . . Parts Melted 5 | . 2 . . . . . . 3 . Heat Transferred 1829 | . 629 . . . . . . 825 375 Parts Sabotaged . | . . . . . . . . . . Parts Stolen . | . . . . . . . . . . Parts Stripped . | . . . . . . . . . . Power Chain Reactions . | . . . . . . . . . . Alert | -11 -10 -10 -10 -9 -8 -7 -7 -7 -7 ------- Run | Yrd Mat Min Exi Min Mat Fac Was Fac Gar Maximum Alert Level 1 | . . . . . 1 . . . . Low Security (%) 90 | 100 100 100 . 100 44 100 100 100 100 Level 1 9 | . . . . . 55 . . . . Level 2 . | . . . . . . . . . . Level 3 . | . . . . . . . . . . Level 4 . | . . . . . . . . . . Level 5 . | . . . . . . . . . . High Security . | . . . . . . . . . . Max Security . | . . . . . . . . . . Peak Influence 291 | 5 70 . . 109 291 97 . 35 69 Initial 97 | . . . . . 25 97 . . 9 Average 40 | 1 12 . . 18 167 22 . 9 12 Influence Increases 1555 | 5 186 . . 233 840 133 . 68 90 Destroy 0b10 Robot/C 920 | . 100 . . 140 520 60 . 40 60 Destroy 0b10 Robot/NC 50 | 5 20 . . . 20 5 . . . Destroy Leader 164 | . 28 . . 10 94 12 . 20 . Allied During Kill 221 | . . . . 71 150 . . . . Successful Hack 104 | . 38 . . 12 5 41 . 8 . Disable Machine 45 | . . . . . 45 . . . . Destroy Structure 6 | . . . . . 6 . . . . Lose Combat Pursuer 45 | . . . . . . 15 . . 30 Influence Decreases 1540 | 5 186 . . 168 690 348 . 55 88 Entered New Map 162 | . . . . . 40 118 . . 4 Time Decay 1028 | 5 186 . . 148 440 194 . 55 . Lost Part 114 | . . . . . 30 . . . 84 Lost Ally 200 | . . . . 20 180 . . . . Purge Threat 36 | . . . . . . 36 . . . Squads Dispatched 8 | . 1 . . 1 4 2 . . . Investigation . | . . . . . . . . . . Extermination 1 | . . . . . . 1 . . . Reinforcement 6 | . 1 . . . 4 1 . . . Assault 1 | . . . . 1 . . . . . Garrison . | . . . . . . . . . . Intercept . | . . . . . . . . . . Searches Triggered . | . . . . . . . . . . Construction Impeded . | . . . . . . . . . . Haulers Reinforced . | . . . . . . . . . . Active Scanning Responses . | . . . . . . . . . . Cargo Convoy Interrupts . | . . . . . . . . . . Stealth | -11 -10 -10 -10 -9 -8 -7 -7 -7 -7 --------- Run | Yrd Mat Min Exi Min Mat Fac Was Fac Gar Distress Signals 1 | . . . . . 1 . . . . Communications Jammed 55 | . . . . . 55 . . . . Distress Signals 55 | . . . . . 55 . . . . Times Spotted 81 | . 8 . . 9 36 6 10 2 10 Peak Tracking Total 7 | . 3 . . 3 5 2 6 1 7 Tactical Retreats 3 | . . . . . . 1 1 . 1 Traps | -11 -10 -10 -10 -9 -8 -7 -7 -7 -7 ------- Run | Yrd Mat Min Exi Min Mat Fac Was Fac Gar Traps Triggered 3 | . . . . . . 1 . . 2 Indirectly . | . . . . . . . . . . Trap Hack Attempts . | . . . . . . . . . . Triggered . | . . . . . . . . . . Disarmed . | . . . . . . . . . . Reprogrammed . | . . . . . . . . . . Reused . | . . . . . . . . . . Traps Extracted . | . . . . . . . . . . Installed . | . . . . . . . . . . Triggered . | . . . . . . . . . . Most Traps Carried 1 | . . 1 1 . . . . . . Machines | -11 -10 -10 -10 -9 -8 -7 -7 -7 -7 ---------- Run | Yrd Mat Min Exi Min Mat Fac Was Fac Gar Machines Disabled 3 | . . . . . 3 . . . . Max in Single Turn 1 | . . . . . 1 . . . . Machines Repaired . | . . . . . . . . . . Machines Dismantled . | . . . . . . . . . . Machines Sabotaged . | . . . . . . . . . . Overloaded Fab Kills . | . . . . . . . . . . Hacking | -11 -10 -10 -10 -9 -8 -7 -7 -7 -7 --------- Run | Yrd Mat Min Exi Min Mat Fac Was Fac Gar Machines Accessed 25 | . 6 1 4 1 5 6 . 2 . Terminals 15 | . 6 . . 1 3 4 . 1 . Fabricators . | . . . . . . . . . . Repair Stations 2 | . . . . . 1 1 . . . Recycling Units . | . . . . . . . . . . Scanalyzers 2 | . . . . . 1 1 . . . Garrison Access 1 | . . . . . . . . 1 . Total Hacks 107 | . 19 1 49 6 12 18 . 2 . Successful 81 | . 8 1 49 4 6 11 . 2 . Failed 26 | . 11 . . 2 6 7 . . . Catastrophic 1 | . . . . 1 . . . . . Database Lockouts . | . . . . . . . . . . Manual 6 | . . . 2 . . 4 . . . Terminals 46 | . 19 . . 6 8 12 . 1 . Fabricators . | . . . . . . . . . . Repair Stations 7 | . . . . . 2 5 . . . Recycling Units . | . . . . . . . . . . Scanalyzers 3 | . . . . . 2 1 . . . Garrison Access 1 | . . . . . . . . 1 . Terminal Hacks 72 | . 8 1 49 4 3 6 . 1 . Record 54 | . . . 49 3 1 1 . . . Robot Analysis 2 | . 2 . . . . . . . . Prototype ID Bank 2 | . 2 . . . . . . . . Open Door 1 | . . 1 . . . . . . . Open DSF 2 | . . . . . . 1 . 1 . Branch Access Points 2 | . 1 . . . . 1 . . . Emergency Access Points 1 | . . . . . 1 . . . . Alert Level 3 | . 1 . . . 1 1 . . . Unreport Threat 1 | . . . . . . 1 . . . Locate Traps 1 | . 1 . . . . . . . . Security Status 1 | . 1 . . . . . . . . Zone Layout 2 | . . . . 1 . 1 . . . Fabricator Hacks . | . . . . . . . . . . Repair Station Hacks 6 | . . . . . 2 4 . . . Scan Component 3 | . . . . . 1 2 . . . Repair 3 | . . . . . 1 2 . . . Recycling Unit Hacks . | . . . . . . . . . . Scanalyzer 2 | . . . . . 1 1 . . . Retrieve Study 2 | . . . . . 1 1 . . . Garrison Access Hacks 1 | . . . . . . . . 1 . Unlock Access 1 | . . . . . . . . 1 . Unauthorized Hacks . | . . . . . . . . . . Terminals . | . . . . . . . . . . Fabricators . | . . . . . . . . . . Repair Stations . | . . . . . . . . . . Recycling Units . | . . . . . . . . . . Scanalyzers . | . . . . . . . . . . Garrison Access . | . . . . . . . . . . Data Cores Recovered . | . . . . . . . . . . Used . | . . . . . . . . . . Hacking Detections 16 | . 6 . . 1 4 5 . . . Full Trace Events . | . . . . . . . . . . Feedback Events . | . . . . . . . . . . Feedback Blocked . | . . . . . . . . . . Robot Schematics Acquired . | . . . . . . . . . . Robots Built . | . . . . . . . . . . Authchips . | . . . . . . . . . . Time . | . . . . . . . . . . Total Robot Build Rating . | . . . . . . . . . . Part Schematics Acquired . | . . . . . . . . . . Parts Built . | . . . . . . . . . . Authchips . | . . . . . . . . . . Time . | . . . . . . . . . . Total Part Build Rating . | . . . . . . . . . . Part Studies Acquired 2 | . . . . . 1 1 . . . Parts Repaired 3 | . . . . . 1 2 . . . Time 114 | . . . . . 38 76 . . . Parts Recycled . | . . . . . . . . . . Recycled Matter . | . . . . . . . . . . Retrieved Matter . | . . . . . . . . . . Retrieved Components . | . . . . . . . . . . Parts Scanalyzed . | . . . . . . . . . . Part Schematics Acquired . | . . . . . . . . . . Parts Damaged . | . . . . . . . . . . Bothacking | -11 -10 -10 -10 -9 -8 -7 -7 -7 -7 ------------ Run | Yrd Mat Min Exi Min Mat Fac Was Fac Gar Used RIF Installer . | . . . . . . . . . . Robots Hacked 6 | . . . . 3 2 1 . . . Non-combat 4 | . . . . 2 1 1 . . . Combat 2 | . . . . 1 1 . . . . Robot Hacks Applied 10 | . . . . 3 4 3 . . . parse_system 2 | . . . . 1 1 . . . . no_distress 6 | . . . . 2 3 1 . . . find_fabricator 1 | . . . . . . 1 . . . find_dsf 1 | . . . . . . 1 . . . Relay Couplers Released . | . . . . . . . . . . Fabnet Peak Effective % . | . . . . . . . . . . Robots Rewired 3 | . . . 3 . . . . . . Allies Hacked . | . . . . . . . . . . Hacks Repelled . | . . . . . . . . . . Allies | -11 -10 -10 -10 -9 -8 -7 -7 -7 -7 -------- Run | Yrd Mat Min Exi Min Mat Fac Was Fac Gar Total Allies 17 | . . . 3 8 6 . . . . Largest Group 8 | . . . 3 8 7 . . . . Highest-Rated Group 148 | . . . 37 148 115 . . . . Highest-Rated Ally 40 | . . . 21 40 31 . . . . Total Orders . | . . . . . . . . . . Ally Attacks 148 | . . . . 41 107 . . . . Total Damage 1831 | . . . . 476 1355 . . . . Kills 30 | . . . . 7 23 . . . . Allies Corrupted . | . . . . . . . . . . Allies Melted . | . . . . . . . . . . Intel | -11 -10 -10 -10 -9 -8 -7 -7 -7 -7 ------- Run | Yrd Mat Min Exi Min Mat Fac Was Fac Gar Active Infowar (turns) 2423 | . . . 4 . 1089 836 114 248 132 Optics 380 | . . . . . . . . 248 132 Sensors 2042 | . . . 4 . 1089 836 113 . . Jamming 2038 | . . . . . 1088 836 114 . . Robot Analysis Total 2 | . 2 . . . . . . . . Derelict Logs Recovered 4 | . . 2 . 2 . . . . . Drone Launches 52 | . . 2 4 11 35 . . . . Drone Recoveries 47 | . . . . 16 31 . . . . Exploration | -11 -10 -10 -10 -9 -8 -7 -7 -7 -7 ------------- Run | Yrd Mat Min Exi Min Mat Fac Was Fac Gar Turns Passed 7893 | 67 943 771 1745 1822 1093 836 205 251 160 Spaces Moved 3684 | 40 536 400 749 684 437 355 233 168 82 Core 168 | 15 . . . . . . 150 . 3 Treads . | . . . . . . . . . . Legs 3516 | 25 536 400 749 684 437 355 83 168 79 Wheels . | . . . . . . . . . . Hover . | . . . . . . . . . . Flight . | . . . . . . . . . . Fastest Speed 50 | 50 120 190 190 260 115 115 50 105 105 Average Speed 183 | 93 156 190 229 260 156 127 84 113 133 Slowest Speed 300 | 120 190 190 260 260 190 193 300 175 250 Overloaded Moves . | . . . . . . . . . . Propulsion Burnouts . | . . . . . . . . . . Robots Hopped . | . . . . . . . . . . Potential Cave-ins . | . . . . . . . . . . Cave-ins Triggered . | . . . . . . . . . . Exploration Rate (%) 51 | 3 70 93 93 99 41 10 88 5 15 Regions Visited 9 Branch Regions 3 Pre-discovered Areas 5 | . . 3 1 1 . . . . . Known Exits Taken 3 | . 1 . . . 1 . . 1 . Unknown Exits Taken 4 | 1 . 1 1 1 . . . . . Scrap Searched 4 | . . 1 . 3 . . . . . Spaces Dug . | . . . . . . . . . . Terrain Destroyed 4 | . . . . . 4 . . . . Melee . | . . . . . . . . . . Projectile 4 | . . . . . 4 . . . . AOE . | . . . . . . . . . . Terrain Rammed . | . . . . . . . . . . Walls Destroyed . | . . . . . . . . . . Machines Disabled . | . . . . . . . . . . Actions | -11 -10 -10 -10 -9 -8 -7 -7 -7 -7 --------- Run | Yrd Mat Min Exi Min Mat Fac Was Fac Gar Total 4640 | 56 601 411 770 726 797 723 238 206 112 Wait 636 | . 7 3 3 28 277 315 3 . . Move 3677 | 39 535 399 748 683 436 355 232 168 82 Hop . | . . . . . . . . . . Pick Up 67 | 5 16 6 1 5 12 12 . 8 2 Fast Attach 15 | 2 2 1 2 . . 4 2 . 2 Attach 29 | 4 2 . . . 7 2 1 10 3 Detach 1 | . . . 1 . . . . . . Swap 31 | . 5 1 2 3 10 10 . . . Drop 37 | . 12 1 4 2 6 11 . 1 . Fire 103 | 6 21 . . . 42 6 . 19 9 Melee 27 | . . . 9 4 6 8 . . . Ram . | . . . . . . . . . . Kick 7 | . 1 . . 1 1 . . . 4 Crush . | . . . . . . . . . . Escape Stasis 10 | . . . . . . . . . 10 Rewire . | . . . . . . . . . . Trap . | . . . . . . . . . . Miscellaneous . | . . . . . . . . . . Route ------- -11/Scrapyard -10/Materials (discovered 4 exits: [*Mat x2] / *Min x2) -10/Mines (discovered 2 exits: [*Mat] / *Exi) -10/Exiles (discovered 2 exits: *Min x2) -9/Mines (discovered 2 exits: *Mat x2) -8/Materials (discovered 3 exits: *Fac / [*Sto x2]) -7/Factory (discovered 3 exits: *Fac / Low x2) -7/Waste -7/Factory -7/Garrison History --------- Turn | Location | Event 14 | -11/Scrapyard | Discovered new exit (range 16) 68 | -11/Scrapyard | Entered Materials 159 | -10/Materials | Discovered new exit (range 5) 205 | -10/Materials | Identified exit to Mines 315 | -10/Materials | Build established: Mutant 529 | -10/Materials | Discovered new exit (range 14) 883 | -10/Materials | Discovered new exit (range 15) 1011 | -10/Materials | Entered Mines 1018 | -10/Mines | Found the Drone Emporium 1025 | -10/Mines | Found Prototype Device 1026 | -10/Mines | Identified Splice Drone Bay 1076 | -10/Mines | Received a Rocket Launcher from a helpful Derelict 1314 | -10/Mines | Found a hidden stash of uninstalled traps 1330 | -10/Mines | Learned location of Zion (-6) 1345 | -10/Mines | Learned location of Storage (-8) 1448 | -10/Mines | Discovered new exit (range 15) 1569 | -10/Mines | Learned location of Mines (-9) 1773 | -10/Mines | Deemed a non-threat by the Exiles lab entrance 1773 | -10/Mines | Discovered new exit (range 5) 1782 | -10/Mines | Entered Exiles 1782 | -10/Exiles | Found Exiles lab destroyed 1782 | -10/Exiles | Accompanied by 2 allies 1810 | -10/Exiles | Discovered new exit (range 17) 2456 | -10/Exiles | Discovered new exit (range 15) 3527 | -10/Exiles | Entered Mines 3527 | -9/Mines | Accompanied by 9 allies 3543 | -9/Mines | Assisted by bots powering up and referring to "LRC-V3" 3607 | -9/Mines | Met a Derelict bent on vengeance 3843 | -9/Mines | Build established: Commander-Mutant 4014 | -9/Mines | Discovered new exit (range 14) 4236 | -9/Mines | A weapon hastily lodged in a ceiling crevice suddenly fell to the ground 4758 | -9/Mines | Learned 2 Materials zone layouts 4776 | -9/Mines | Discovered new exit (range 17) 4785 | -9/Mines | Met a Derelict testing a Signal Generator 5349 | -9/Mines | Entered Materials 5349 | -8/Materials | Accompanied by 7 allies 5349 | -8/Materials | Evolved 4 slots: Propulsion x2, Utility x2 5614 | -8/Materials | Lost 6 allies 5619 | -8/Materials | Discovered new exit (range 5) 5812 | -8/Materials | Discovered new exit (range 22) 5855 | -8/Materials | Lost 3 allies 5923 | -8/Materials | Build established: Mutant 6048 | -8/Materials | Repaired Carbon-fiber Leg 6081 | -8/Materials | Discovered new exit (range 14) 6170 | -8/Materials | Lost 3 parts (2n1u) 6328 | -8/Materials | Identified exit to Factory 6442 | -8/Materials | Entered Factory 6442 | -7/Factory | Evolved 2 slots: Power x1, Utility x1 6669 | -7/Factory | Identified exit to Lower Caves 6972 | -7/Factory | Discovered new exit (range 15) 7029 | -7/Factory | Identified exit to Factory 7210 | -7/Factory | Repaired Carbon-fiber Leg 7249 | -7/Factory | Repaired Titanium Leg 7278 | -7/Factory | Sucked down chute 7278 | -7/Factory | Entered Waste 7293 | -7/Waste | EMP discharged 7293 | -7/Waste | System corruption reached 10% 7320 | -7/Waste | Spotted C-40 Crusher 7323 | -7/Waste | Spotted C-40 Crusher 7346 | -7/Waste | Spotted C-40 Crusher 7353 | -7/Waste | Spotted C-40 Crusher 7376 | -7/Waste | Crushed by Compactor (1 part destroyed, 1 dropped) 7382 | -7/Waste | Crushed by Compactor (1 part destroyed, 1 dropped) 7388 | -7/Waste | Crushed by Compactor (1 part destroyed, 2 dropped) 7393 | -7/Waste | EMP discharged 7393 | -7/Waste | Crushed by Compactor (1 part destroyed, 1 dropped) 7406 | -7/Waste | Crushed by Compactor (1 part destroyed, 1 dropped) 7411 | -7/Waste | Crushed by Compactor (1 part destroyed, 1 dropped) 7416 | -7/Waste | Spotted C-40 Crusher 7422 | -7/Waste | Spotted C-40 Crusher 7442 | -7/Waste | Lost 7 parts (2p2n2u1w) 7457 | -7/Waste | Discovered new exit (range 12) 7483 | -7/Waste | Entered Factory 7734 | -7/Factory | Identified exit to Garrison 7734 | -7/Factory | Entered Garrison 7784 | -7/Garrison | Triggered checkpoint 7808 | -7/Garrison | Core integrity fell below 50% 7849 | -7/Garrison | Core integrity fell below 20% 7894 | -7/Garrison | Triggered checkpoint 7894 | -7/Garrison | Destroyed by S-27 Virus with Autogun Last Messages --------------- 07833_ Lyr. Light Armor Plating destroyed. 07834_ Acquired Aluminum Leg+. 07836_ Minigun destroyed. 07845_ Slug penetrates Reinforced Barrier. 07848_ Kicked H-55 Commando. 07851_ System corrupted: Matter fused (-6). 07851_ Penetrated by Slug. 07851_ Aluminum Leg+ destroyed. 07851_ Kicked H-55 Commando. 07852_ Lgt. Nuclear Core destroyed. 07859_ Acquired Corrupted Aluminum Leg+. 07859_ Integrated Corrupted Aluminum Leg+ (+1). [Achievement: A Problem For Future Me] 07874_ Slug penetrates Wall. 07875_ System corrupted: Component data lost. 07876_ Aluminum Leg+ destroyed. 07876_ Hacking Suite destroyed. 07892_ C-30 ARC bursts open, deploying its payload. 07892_ S-27 Virus unfolds itself. 07894_ Beams of light sweep through the air. An alarm sounds. Map ----- +----------------------------------------------------+ | ?????????????????????????????????????????????????? | | ?????????????????????????????????????????????????? | | ?????????????????????????????????????????????????? | | ?????????????????????????????????????????????????? | | ?????????????????????????????????????????????????? | | ?????????????????????????????????????????????????? | | ?????????????????????????????????????????????????? | | ?????????????????????????????????????????????????? | | ?????????????????????????????????????????????????? | | ?????????????????????????????????????????????????? | | ?????????????????????????????????????????????????? | | ?????????????????????????????????????????????????? | | ?????????????????????????????????????????????????? | | ????????????????????????????????????? #??????????? | | ????????????????????????######???"## #??????????? | | ???????????????????????? ??? ???????????? | | ???????????????????????? ??? ????????????? | | ???????????????????????? ?? ?????????????? | | ????????????????????????# #? #??? #?????????? | | ??????????????????????### ## ## ???????????? | | ??????????????????????? ?????????????? | | ???????????????????????x ???????????????? | | ???????????????????????? ?????????????????? | | ???????????????????????? ???????????????????? | | ????????????????????????# #????????????????????? | | ??????????????###########@ ## ## #?????????? | | ??????????????# ???????? | | ??????????????# s%s ???????? | | ??????????????# ######## s ##????????? | | ??????????????# #??????######""""######?????????? | | ??????????????# #???????????????????????????????? | | ??????????????# #???????????????????????????????? | | ?????########## #???????????????????????????????? | | ?????# #???????????????????????????????? | | ?????# #???????????????????????????????? | | ?????# ##### ###???????????????????????????????? | | ?????# #???# #?????????????????????????????????? | | ?????#####???# #?????????????????????????????????? | | ?????????????# #?????????????????????????????????? | | ?????????????# #?????????????????????????????????? | | ?????????????# #?????????????????????????????????? | | ?????????????# #?????????????????????????????????? | | ?????????????# #?????????????????????????????????? | | ?????????????# #?????????????????????????????????? | | ?????????????# #?????????????????????????????????? | | ?????????????# #?##??????????????????????????????? | | ?????????????# +?? ?#???#######??????????????????? | | ?????????????# #??# #???#"""""#??????????????????? | | ?????????????# ####+###### ##??????????????????? | | ?????????????# ! ! #??????????????????? | +----------------------------------------------------+ Best States ------------- Heat Dissipation 34 Energy Generation 27 Energy Capacity 430 Matter Stores 300 Matter Capacity 300 Sight Range 18 Robot Scan Range 19 Terrain Scan Density 10 Jamming Range 14 Armor Coverage 300 Evasion (%) 55 Offensive Hacking 10 Item Schematics ----------------- None Robot Schematics ------------------ None Fabricated ------------ Nothing Repaired ---------- Carbon-fiber Leg | 58% | -8/Materials Carbon-fiber Leg | 19% | -7/Factory Titanium Leg | 17% | -7/Factory Studied --------- Aluminum Leg | -8/Materials | Hacked Mic. Nuclear Core | -7/Factory | Hacked Alien Tech Used ----------------- None Achievements -------------- A Problem For Future Me Factory Defaults I Laugh At Your Crits Release The Drones! Satisfying Total Silence Challenges ------------ None Game ------ Seed TimingAblativeArticulator Manual? 0 Play Time 01:10:22 Cumulative 20.6 hours Start 2026.02.15 @ 02:43:31 End 2026.02.15 @ 03:53:11 Sessions 1 Manual Loads 0 Difficulty Rogue Special Mode None Game No. 24 Rogue 24 Adventurer 0 Explorer 0 Win Type - Total 0 Types 0/0/0/0/0/0/0/0/0/0 Lore% 13 Gallery% 19 Achievement% 16 Wizard Run 0 Options --------- Layout 1 ASCII 0 Keyboard 0 Movement Mouse Keybinds 0 Fullscreen 1 Font 32/SmallcapsGlow Map View 77x35 Zoom Use 0% Tactical HUD 1 Map Filters NONE Filters NONE Steam 1 RUN: 8f50341c-1705-4e3e-b954-b3b18d178baf